 Dungeon Crawl Stone Soup version 0.28-a0-1518-gbe868bca14 (webtiles) character file.

Game seed: 17907465379289375180

81 flotson the Chopper (level 4, -2/51 HPs)
             Began as a Demonspawn Gladiator on Jan 17, 2022.
             Slain by Grinder (5 damage)
             ... while paralysed by Grinder
             ... on level 3 of the Dungeon.
             The game lasted 00:02:51 (2461 turns).

flotson the Chopper (Demonspawn Gladiator)          Turns: 2461, Time: 00:02:51

Health: -2/51      AC: 10    Str: 17    XL:     4   Next: 19%
Magic:  4/4        EV:  2    Int:  9    God:
Gold:   143        SH:  0    Dex: 14    Spells: 3/3 levels left

rFire   + . .      SeeInvis .   a - +0 war axe
rCold   . . .      Faith    .   (no shield)
rNeg    . . .      Spirit   .   m - +1 chain mail {rF+}
rPois   .          Reflect  .   c - +0 helmet
rElec   .          Harm     .   (no cloak)
rCorr   .          Rampage  .   (no gloves)
Will    .....                   (no boots)
Stlth   ..........              (no amulet)
HPRegen 0.17/turn               (no ring)
MPRegen 0.09/turn               (no ring)

@: paralysed, berserking
A: hooves 1, ignite blood 1
a: no special abilities


You were on level 3 of the Dungeon.
You visited 1 branch of the dungeon, and saw 3 of its levels.

You collected 143 gold pieces.

Inventory:

Hand Weapons
 a - a +0 war axe (weapon)
Missiles
 d - 4 throwing nets (quivered)
Armour
 c - a +0 helmet (worn)
 m - a +1 chain mail of fire resistance (worn)
Scrolls
 b - a scroll of enchant armour {unknown}
 f - a scroll of immolation {unknown}
 h - 3 scrolls of fog {unknown}
 i - 3 scrolls of identify {unknown}
 j - a scroll of brand weapon {unknown}
 k - 2 scrolls of enchant weapon {unknown}
 l - 2 scrolls of magic mapping {unknown}
Potions
 g - a potion of curing {unknown}


   Skills:
 + Level 2.6 Fighting
 + Level 3.1 Axes
 + Level 2.3 Throwing
 + Level 1.2 Armour
 + Level 3.1 Dodging


You had 3 spell levels left.
You didn't know any spells.
Your spell library was empty.

Dungeon Overview and Level Annotations

Branches:
Dungeon (3/15)

Altars:

Portals:
Sewer: D:3

Annotations:
D:3 Grinder


Innate Abilities, Weirdness & Mutations

You have large cloven feet.
Your demonic aura sometimes causes spilled blood to erupt in flames.


Message History

You barely miss the quokka.
The quokka bites you but does no damage.
You miss the quokka. The quokka barely misses you.
The quokka bites you but does no damage.
Grinder blinks!
You closely miss the quokka. Your kick misses the quokka.
The quokka bites you but does no damage.
You hit the quokka but do no damage. The quokka barely misses you.
The quokka bites you but does no damage.
You closely miss the quokka. You punch the quokka.
The quokka is moderately wounded.
The quokka bites you.
* * * LOW HITPOINT WARNING * * *
The quokka barely misses you.
You hit the quokka.
You kill the quokka!
Unknown command.
You aren't carrying any items that you can evoke.
Unknown command.
Grinder says, "Just stop there for a second..."
Things that are here:
a quokka corpse; a giant cockroach corpse; a quokka corpse You hit Grinder.
Grinder is lightly wounded.
You hear the slow rusting of a drain.
Grinder hits you but does no damage. Grinder hits you.
* * * LOW HITPOINT WARNING * * *
It was a potion of berserk rage.
A red film seems to cover your vision as you go berserk!
You feel yourself moving faster!
You feel mighty! Grinder barely misses you.
You slash Grinder! Your punch misses Grinder.
Grinder is heavily wounded.
Grinder gestures at you. You resist with significant effort.
You slash Grinder!
Grinder is almost dead.
Grinder gestures at you.
You suddenly lose the ability to move!
Grinder hits you.
You die...

##########..#
≈≈≈≈≈≈≈≈≈.#.#
≈≈≈≈5≈≈≈≈...#
≈≈≈≈≈≈≈≈r.r.#
##########..#
#####r........#
#...B.........####
#5###.............
#@# #.........####
#.# #.........#
#.# #.........#
##.#####......##
#.#
#..............#
#.#
#.######........#
#.# #.#
##......... #.#
#.# #.......## #.#
#.# ###...###


You could see Grinder.

Vanquished Creatures
  An adder (D:2)
  A gnoll (D:1)
  2 dart slugs
  4 endoplasms
  3 giant cockroaches
  4 goblins
  4 hobgoblins
  2 jackals (D:2)
  4 kobolds
  6 quokkas
  2 ball pythons (D:1)
  10 bats
  4 frilled lizards
  6 rats
53 creatures vanquished.

Vanquished Creatures (others)
  6 fungi (D:1)
  A plant (D:1)
7 creatures vanquished.

Grand Total: 60 creatures vanquished

Notes
Turn   | Place    | Note
-------+----------+-------------------------------------------
     0 | D:1      | flotson the Demonspawn Gladiator began the quest for the
                  | Orb.
     0 | D:1      | Reached XP level 1. HP: 16/16 MP: 1/1
   240 | D:1      | Gained mutation: Your demonic aura sometimes causes spilled
                  | blood to erupt in flames. [demonic ancestry]
   240 | D:1      | Reached XP level 2. HP: 22/22 MP: 2/2
   546 | D:1      | Found a faded altar of an unknown god.
   875 | D:1      | Gained mutation: You have large cloven feet. [demonic
                  | ancestry]
   875 | D:1      | Reached XP level 3. HP: 11/28 MP: 3/3
   947 | D:1      | Reached skill level 1 in Armour
  2121 | D:2      | Reached XP level 4. HP: 34/34 MP: 4/4
  2412 | D:3      | Noticed Grinder
  2413 | D:3      | Paralysed by Grinder for 2 turns
  2416 | D:3      | Found a glowing drain.
  2421 | D:3      | Paralysed by Grinder for 7 turns
  2457 | D:3      | HP: 1/34 [Grinder (2)]
  2460 | D:3      | Paralysed by Grinder for 2 turns
  2461 | D:3      | Slain by Grinder

Illustrated notes

Levels and vault maps discovered:
D:1:      dpeg_arrival_rooms_with_view, layout_rooms,
          shapermc_ecumenical_altar_hornbeckon, minivault_27
D:2:      layout_basic, chequers_serial_rivers_micro_a, solitary_fountain,
          chequers_serial_rivers_large_b
D:3:      layout_loops_ring, grunt_dithmenos_smoke_and_mirrors,
          portal_sewer_entry_f, uniq_grinder

Skill      XL: |  1  2  3 |
---------------+----------+-----
Throwing       | 2 |  2.3
Axes           | 3 |  3.1
Dodging        | 3 |  3.1
Armour         | 1 |  1.2
Fighting       | |  2.6

Action                   |  1- 3 |  4- 6 || total
-------------------------+-------+-------++-------
Melee: War axe           |   109 |    18 ||   127
       Punch             |     4 |     1 ||     5
       Kick              |     7 |       ||     7
  Use: Potion            |       |     1 ||     1
Armor: Leather armour    |    22 |       ||    22
       Ring mail         |    26 |       ||    26
       Chain mail        |     7 |    29 ||    36
Dodge: Dodged            |    83 |    14 ||    97

Table legend: (Time is in decaauts)
 A = Elapsed time spent in this place.
 B = Non-inter-level travel time spent in this place.
 C = Inter-level travel time spent in this place.
 D = Time resting spent in this place.
 E = Time spent auto-exploring this place.
 F = Levels seen in this place.
 G = Mean time per level.
                   A        B        C        D        E       F      G
               +--------+--------+--------+--------+--------+-----+--------+
         Total |   2544 |   2515 |     29 |      0 |   2102 |   3 |  848.0 |
       Dungeon |   2544 |   2515 |     29 |      0 |   2102 |   3 |  848.0 |
               +--------+--------+--------+--------+--------+-----+--------+

Top non-repeatable levels by time:
     D:1: 1462 daAuts
     D:2: 926 daAuts
     D:3: 155 daAuts
